Map: Terraform LE (Void)

Players

qxc - Winner!

  • Race: Terran Terran
  • League: Master

Randöm

  • Race: Zerg Zerg
  • League: Master

Event: Lycan League Weekly August #2

VOD

Have the link to the VOD?

Description

Time

  • Played on: Aug. 10, 2015, 12:16 p.m.
  • Length: 7:29

All games in this series

Show
View Real Time Build Order
Export as new Build Order

qxc Terran - Winner!

Build Orders: Reaper Expand, MMM Bio 

Get SALT Encoding   

  12  0:01  SCV  
  13  0:13  SCV  
  14  0:18  Supply Depot  
  14  0:25  SCV  
  15  0:39  SCV  
  15  0:40  Barracks  
  16  0:44  Refinery  
  16  0:51  SCV  
  17  1:03  SCV  
  18  1:15  SCV  
  19  1:27  Reaper  
  19  1:28  Orbital Command  
  20  1:40  Command Center  
  20  1:48  Supply Depot  
  20  1:53  SCV  
  21  1:59  Marine  
  22  2:05  SCV  
  23  2:14  Factory  
  23  2:18  SCV  
  23  2:22  Barracks Reactor  
  24  2:31  Barracks  
  24  2:33  Barracks  
  24  2:34  SCV  
  25  2:46  SCV  
  26  2:53  Refinery  
  26  2:54  Orbital Command  
  26  2:58  SCV  
  27  3:05  Hellion  
  29  3:06  Barracks Tech Lab  
  29  3:07  Hellion  
  29  3:10  SCV  
  32  3:19  Barracks Reactor  
  32  3:20  Barracks Reactor  
  32  3:22  SCV x2  
  34  3:29  Hellion  
  34  3:31  Hellion  
  34  3:34  SCV  
  39  3:35  Stimpack  
  39  3:36  SCV  
  39  3:40  Supply Depot  
  40  3:43  Marine  
  40  3:46  SCV  
  43  3:48  SCV  
  43  3:53  Hellion  
  43  3:54  Supply Depot  
  45  3:57  Marine  
  45  4:01  Marine  
  45  4:02  SCV, Hellion  
  50  4:05  SCV  
  50  4:14  Starport, Marine  
  51  4:17  Marine x3  
  51  4:20  SCV  
  51  4:22  SCV  
  56  4:31  Marine x2  
  57  4:32  SCV  
  57  4:34  SCV  
  57  4:37  Supply Depot  
  60  4:38  Supply Depot  
  60  4:41  Bunker, Marine x2  
  62  4:47  SCV, Marine  
  62  4:48  Marine  
  62  4:52  Supply Depot  
  65  4:53  SCV  
  65  5:00  SCV  
  65  5:05  SCV  
  65  5:06  Marine x3  
  69  5:07  Medivac x2  
  69  5:12  SCV  
  71  5:22  Marine  
  71  5:23  Marine  
  71  5:24  Marine  
  71  5:25  Hellion  
  71  5:33  Engineering Bay  
  68  5:37  Command Center  
  68  5:38  Medivac  
  68  5:39  Medivac  
  68  5:42  SCV  
  73  5:43  Combat Shields  
  73  5:46  Marine x4  
  73  5:48  Marine  
  78  5:55  SCV  
  79  5:58  SCV  
  79  6:04  Marine x3  
  78  6:07  SCV  
  78  6:10  Missile Turret  
  78  6:11  Marine x2  
  77  6:13  SCV  
  71  6:19  SCV  
  71  6:21  Marine  
  71  6:22  Marine x2  
  71  6:25  SCV  
  74  6:28  Marine  
  74  6:29  Marine  
  74  6:31  SCV  
  74  6:34  Widow Mine  
  74  6:35  Missile Turret  
  74  6:36  Viking  
  74  6:39  Marine x2  
  76  6:40  Viking, Marine  
  76  6:45  SCV  
  76  6:46  Marine x2  
  70  6:57  Marine x3, Orbital Command  
  70  6:58  SCV  
  70  7:04  Marine x2  
  69  7:09  SCV  
  69  7:26  Refinery x2  
Show
View Real Time Build Order
Export as new Build Order

Randöm Zerg 

Build Orders: Hatch First 

Get SALT Encoding   

  12  0:01  Drone  
  13  0:08  Drone  
  14  0:17  Overlord  
  14  0:23  Extractor  
  14  0:24  Drone  
  14  0:29  Extractor  
  14  0:30  Drone  
  16  0:36  Drone  
  17  0:52  Hatchery  
  17  0:55  Drone  
  17  0:58  Drone  
  18  1:05  Extractor  
  18  1:08  Drone  
  18  1:17  Spawning Pool  
  17  1:19  Drone  
  18  1:28  Drone  
  19  1:38  Drone  
  20  1:48  Drone  
  21  1:59  Drone  
  22  2:04  Overlord, Queen  
  22  2:08  Queen  
  24  2:10  Metabolic Boost, Zergling x2  
  24  2:15  Zergling x2  
  28  2:23  Zergling x2  
  28  2:26  Extractor  
  28  2:28  Spore Crawler  
  27  2:31  Drone x2, Extractor  
  27  2:37  Drone  
  29  2:44  Zergling x2  
  32  2:48  Zergling x2  
  32  2:49  Queen  
  34  2:52  Drone  
  34  2:58  Drone  
  36  2:59  Lair  
  36  3:03  Drone, Extractor  
  36  3:11  Overlord  
  36  3:16  Overlord  
  36  3:28  Overlord  
  36  3:30  Overlord  
  36  3:31  Drone x6  
  42  3:35  Queen  
  42  3:39  Drone  
  45  3:45  Drone x2  
  47  3:48  Drone  
  48  3:57  Spire  
  48  3:58  Drone x2  
  49  4:03  Drone x2  
  49  4:04  Drone  
  49  4:06  Drone  
  52  4:11  Queen  
  52  4:15  Queen  
  56  4:20  Extractor  
  56  4:21  Extractor  
  56  4:22  Drone x2  
  55  4:25  Drone  
  55  4:26  Drone  
  55  4:27  Drone  
  55  4:30  Overlord  
  58  4:33  Drone  
  59  4:38  Overlord  
  59  4:44  Overlord  
  59  4:52  Hatchery  
  58  5:04  Zergling x2  
  58  5:05  Zergling x2  
  59  5:11  Mutalisk x5  
  59  5:12  Mutalisk  
  67  5:25  Mutalisk  
  68  5:32  Drone x3  
  68  5:33  Drone  
  68  5:34  Overlord  
  68  5:35  Mutalisk  
  72  5:40  Drone  
  72  5:41  Drone x3  
  76  5:45  Mutalisk  
  78  5:52  Mutalisk  
  78  5:54  Evolution Chamber  
  78  5:55  Evolution Chamber  
  78  5:59  Mutalisk  
  78  6:03  Zergling x2  
  78  6:04  Zergling x2  
  82  6:06  Zergling x2  
  83  6:15  Zergling x2  
  83  6:16  Zergling x10  
  85  6:20  Zergling x6  
  88  6:30  Zergling x6  
  73  6:37  Zergling x6  
  68  6:45  Zergling x2  
  65  6:50  Zergling x2  
  63  6:56  Zergling x2  
  63  7:01  Zergling x2  
  57  7:04  Mutalisk  

Tags
 
Add a new tag
Caveats
  • Supply blocks, unpowered buildings, or Contaminate may cause inaccurate times.
  • Supply counts are checked every 10 seconds.